[Event "15th Chennai GM Open 2025"]
[Site "Chennai"]
[Date "2025.01.05"]
[Round "6.8"]
[White "Mayank Chakraborty"]
[Black "Mummana, Venkata Ruthvik"]
[Result "1/2-1/2"]
[ECO "C02"]
[WhiteElo "2457"]
[BlackElo "2186"]
[Annotator "TA"]
[PlyCount "110"]
[EventDate "2025.01.02"]
[EventType "swiss"]
[EventCountry "IND"]
[SourceTitle "playchess.com"]
[Source "ChessBase"]
[SourceQuality "1"]
[TimeControl "5400+30"]

1. e4 e6 2. d4 d5 3. e5 c5 4. c3 Nc6 5. Nf3 Qb6 6. a3 Nh6 7. Bd3 cxd4 8. O-O Bd7 9. b4 Rc8 10. Bf4 Be7 11. cxd4 Nf5 12. Bxf5 exf5 13. Nc3 Be6 $1 14. Na4 Qd8 15. Nc5 Rc7 16. Qa4 b6 17. Na6 Rc8 18. Rac1 Qd7 19. b5 Na5 20. Rxc8+ Qxc8 21. Rc1 Nc4 22. Bg5 Bxg5 23. Nxg5 O-O 24. Nb4 Qd7 25. Nc6 (25. Nh3 $1 $14) 25... Ra8 26. Nh3 Qb7 27. Nb4 Rc8 {[%emt 0:04:05] [#]} 28. Rc2 $1 Nb2 29. Qb3 (29. Rxb2 $2 Rc1+) (29. Rxc8+ Qxc8 30. Qc2 Qxc2 31. Nxc2 Nd1 $17) 29... Rxc2 30. Qxc2 Nc4 31. Nf4 Qd7 32. a4 h6 33. h4 g6 34. g3 Kg7 35. Kh2 Qd8 36. Qc1 Qd7 37. Qh1 Nd2 38. Qg2 (38. Nbxd5 Ne4 39. Nxe6+ fxe6 $17) (38. Qd1 $16 Nc4 39. Qc1) 38... Kh8 (38... Qe7 $11 {remains equal.} 39. Nbxd5 (39. Nfxd5 Bxd5 40. Nxd5 Qa3 $11) 39... Qb7) 39. Qh1 (39. Nbxd5 Ne4 $14) 39... Kg7 $1 40. Qd1 (40. Nbxd5 Ne4 41. Nxe6+ Qxe6 $19 (41... fxe6 42. Nf4 $11)) 40... Nc4 41. Qc1 Qd8 42. Qc3 Qd7 43. Kg1 Qd8 (43... Qb7 $16 44. Qd3 Qd7) 44. Kf1 (44. Nc6 $18 Qd7 45. Qb4) 44... Qd7 $16 45. Qc2 Qd8 46. Ke1 g5 $2 (46... Qd7 $16 47. Qd1 (47. Qc1 Qd8 $16) 47... Na5) 47. Nh5+ $18 Kg6 48. Nf6 g4 49. Nxg4 Qe7 50. Nc6 Qa3 51. Nf6 $1 (51. Nxa7 Qa1+ 52. Ke2 Qxd4 $19) 51... Qf3 52. Qd1 Qg2 $2 (52... Qc3+ {keeps fighting.} 53. Kf1 Kg7 54. Nh5+ (54. Nxa7 Nb2 $16) 54... Kh7) 53. Qh5+ $2 (53. Qd3 $18 {and White stays clearly on top.}) 53... Kg7 $16 54. Ne8+ (54. Nxa7 $6 Qg1+ 55. Ke2 Nb2 56. Ne8+ Kh7 57. Nf6+ Kg7 58. Ne8+ Kg8 59. Nf6+ (59. Qxh6 $2 Qd1+ 60. Ke3 Nc4+ 61. Kf4 Qg4#) 59... Kg7 $11) ({Only move:} 54. Ke2 $1 $16 {[%cal Oc6e7] Ne7! is the strong threat.} Qh1 55. Nd8 (55. Nxa7 Nb2 $11)) 54... Kh7 $11 55. Nd6 $2 (55. Nxa7 Qh1+ 56. Ke2 Qe4+ 57. Kd1 (57. Kf1 Nd2+ 58. Kg1 Qe1+ 59. Kh2 Qxf2+ 60. Kh1 Qf1+ 61. Kh2 Nf3+) 57... Qxd4+ 58. Ke1 Nxe5 (58... Qxe5+ $2 59. Kf1 $19) 59. Nf6+ (59. Nc6 $2 Qc3+ 60. Kd1 Ng4 $19) 59... Kg7 60. Ne8+ Kf8 $19) ({Resist} 55. Nf6+ $6 Kg7 $16) (55. Ke2 $11 {and White has nothing to worry.} Qe4+ 56. Kd1 Qd3+ 57. Ke1) 55... f4 1/2-1/2

[Event "15th Chennai GM Open 2025"]
[Site "Chennai"]
[Date "2025.01.05"]
[Round "6.9"]
[White "Rios Gomez, Cristhian Camilo"]
[Black "Aditya Varun Gampa"]
[Result "1/2-1/2"]
[ECO "D02"]
[WhiteElo "2435"]
[BlackElo "2180"]
[Annotator "TA"]
[PlyCount "90"]
[EventDate "2025.01.02"]
[EventType "swiss"]
[EventCountry "IND"]
[SourceTitle "playchess.com"]
[Source "ChessBase"]
[SourceQuality "1"]
[TimeControl "5400+30"]

1. d4 Nf6 2. Nf3 d5 3. Bf4 e6 4. e3 c5 5. Nbd2 Nc6 6. c3 cxd4 7. exd4 Nh5 8. Bg3 g6 9. Bh4 Qc7 (9... f6 $5) 10. g4 Nf4 11. Bf6 Rg8 12. Qc2 Bd7 13. O-O-O Bd6 (13... Bg7 $11 14. Bxg7 Rxg7) 14. Kb1 h5 15. h3 Be7 16. Bxe7 Kxe7 17. g5 (17. Nb3 $14) 17... e5 $1 $11 18. Qb3 exd4 19. Nxd4 Kf8 20. Nxc6 ({White should try} 20. Qa4 $15) 20... bxc6 $17 21. c4 Kg7 22. Qc3+ Kh7 23. cxd5 Bf5+ 24. Ka1 Nxd5 25. Qc4 Rgd8 26. Bg2 Rab8 27. Bxd5 (27. Ne4 $17 Bxe4 28. Qxe4) 27... Rxd5 $19 28. Ne4 Bxe4 29. Qxe4 Rxg5 30. Rd3 Qe5 31. Qxe5 Rxe5 {[%emt 0:00:02][%mdl 4096] Endgame KRR-KRR. Black is a pawn up.} 32. Rd7 Kg7 33. f4 Rf5 34. Rxa7 Rxf4 35. Rc7 Rf2 36. b3 Ra8 37. a4 Ra6 (37... Rf3 38. Ka2 Rb8) 38. Rc1 Rf3 39. Kb2 Rb6 ({Better is} 39... Rxh3 $17 {Threatens to win with ...Rb6.} 40. R7xc6 Ra8) 40. Rc3 $11 Rxc3 41. Kxc3 g5 42. a5 Ra6 43. b4 Kf6 44. Kd3 Ke6 45. Kd4 f6 1/2-1/2

[Event "15th Chennai GM Open 2025"]
[Site "Chennai"]
[Date "2025.01.05"]
[Round "6.10"]
[White "Fedorov, Alexei"]
[Black "Sri Sai Baswanth P"]
[Result "1-0"]
[ECO "B45"]
[WhiteElo "2409"]
[BlackElo "2161"]
[Annotator "TA"]
[PlyCount "57"]
[EventDate "2025.01.02"]
[EventType "swiss"]
[EventCountry "IND"]
[SourceTitle "playchess.com"]
[Source "ChessBase"]
[SourceQuality "1"]
[TimeControl "5400+30"]

1. e4 c5 2. Nf3 e6 3. d4 cxd4 4. Nxd4 Nf6 5. Nc3 Nc6 6. Ndb5 Bc5 7. Bf4 {[%emt 0:00:34] Hoping for Nc7+.} O-O $1 8. Bc7 Qe7 {[%emt 0:00:04] Threatens to win with ...d5.} 9. Bd6 $1 Bxd6 10. Qxd6 Qd8 11. O-O-O a6 12. Nd4 $1 Ne7 13. h4 b5 14. a3 Bb7 15. f3 h5 16. Be2 Re8 17. Nb3 {[%emt 0:02:19] Nc5 is in the air} Qb8 18. Na5 Bc6 19. Qxb8 Raxb8 20. Rd6 Rec8 21. Rhd1 Kf8 22. Na2 {[%emt 0:08:04] White is much more active.} Ne8 23. R6d2 d5 {[%emt 0:01:54] [#]} 24. Nb4 ({White should play} 24. Nxc6 $1 $16 Rxc6 25. Nb4) 24... dxe4 $11 25. Naxc6 (25. Nxa6 exf3 26. gxf3 Rb6 27. Nxc6 Rcxc6) 25... Nxc6 26. Nxa6 exf3 $2 (26... e3 $1 $11 {and Black is okay.} 27. Rd7 Rb6) 27. Nxb8 $18 ({Less strong is} 27. Bxf3 Rb6 28. Nc5 Ne5 29. Nd7+ Nxd7 30. Rxd7 g6 $14) 27... fxe2 28. Nd7+ Ke7 29. Rxe2 1-0

[Event "15th Chennai GM Open 2025"]
[Site "Chennai"]
[Date "2025.01.05"]
[Round "6.11"]
[White "Shahil Dey"]
[Black "Jval Saurin Patel"]
[Result "1-0"]
[ECO "C05"]
[WhiteElo "2374"]
[BlackElo "2064"]
[Annotator "TA"]
[PlyCount "63"]
[EventDate "2025.01.02"]
[EventType "swiss"]
[EventCountry "IND"]
[SourceTitle "playchess.com"]
[Source "ChessBase"]
[SourceQuality "1"]
[TimeControl "5400+30"]

1. e4 e6 2. d4 d5 3. Nd2 Nf6 4. e5 Nfd7 5. f4 c5 6. c3 Nc6 7. Ndf3 Qb6 8. a3 a5 9. b3 Be7 10. h4 h6 11. h5 {[%emt 0:00:28] The position is equal.} f6 (11... Rb8 $11) 12. Bd3 $14 O-O 13. Ne2 Qc7 14. Bb1 b5 15. Qc2 f5 {[%emt 0:00:13] [#]} 16. g4 $1 $36 {[%emt 0:00:06][%mdl 2048] White is more active.} Nb6 (16... cxd4 17. cxd4) 17. Rg1 Bd7 18. Ng3 {[%emt 0:01:33][%cal Rg4f5] gxf5 would now be deadly.} cxd4 19. gxf5 exf5 20. cxd4 Rac8 21. Be3 {[%emt 0:00:08] Strongly threatening Qg2.} Na7 $2 {[%emt 0:02:46][%mdl 8192] [#]} (21... a4 $11 {and Black stays safe.}) 22. Qg2 $1 $18 Bd8 {[%emt 0:37:25] [#]} (22... Qc3+ 23. Ke2 Qxa1 24. Nxf5 Qb2+ 25. Bd2 $18) (22... a4 $142 23. Nxf5 Bb4+ 24. axb4 Bxf5 25. Bxf5 Rxf5) 23. Ne4 $1 Be6 (23... Be8 24. Nd6) 24. Nc5 Re8 25. Nxe6 Rxe6 26. Bxf5 Re7 27. Rc1 Qxc1+ 28. Bxc1 Rxc1+ 29. Kd2 Rc6 30. e6 Kf8 31. Ne5 (31. Qg6 $142 Rcxe6 32. Bxe6 Rc7 33. Re1 Nc4+ 34. bxc4 Bh4 35. Nxh4 Re7 36. Re5 (36. cxd5 Nc8 37. Qf5+ Ke8 38. Bxc8 Rxe1 39. Ng6 Rd1+ 40. Kxd1 Kd8 41. Qd7#) (36. Qf5+ Ke8 37. Qxd5 Rxe6 38. Rxe6+ Kf7 39. Qf5+ Kg8 40. Re8#) 36... Rc7 37. Bxd5 (37. cxd5 Rb7) 37... Re7 38. Rf5+ Rf7 39. Qxf7#) 31... Rec7 32. Nd7+ {[%emt 0:00:31] Weighted Error Value: White=0.07 (flawless) /Black=1.21.  Loses game:     	---       	Black=1      Mistake:       	---       	Black=2      Inaccurate:     	White=3     	Black=4      OK:         	White=8     	Black=4      Best:        	---       	Black=1      Strong:       	White=1     	---        Brilliant:      	White=1     	---} (32. Qg6 $142 Bf6 33. Nd7+ Ke7 34. Nxf6 (34. Qf7+ Kd6 $18) 34... gxf6 35. Qf7+ (35. Qxh6 Rxe6 36. Rg7+ Kd6 $18) 35... Kd6 36. e7 (36. Qxf6 Rc2+ 37. Bxc2 Re7 $18) 36... Rc2+ 37. Bxc2) 1-0

[Event "15th Chennai GM Open 2025"]
[Site "Chennai"]
[Date "2025.01.05"]
[Round "6.12"]
[White "Varun, V."]
[Black "Venkatesh, M.R."]
[Result "1/2-1/2"]
[ECO "B31"]
[WhiteElo "2173"]
[BlackElo "2362"]
[Annotator "TA"]
[PlyCount "61"]
[EventDate "2025.01.02"]
[EventType "swiss"]
[EventCountry "IND"]
[SourceTitle "playchess.com"]
[Source "ChessBase"]
[SourceQuality "1"]
[TimeControl "5400+30"]

1. e4 c5 2. Nf3 Nc6 3. Bb5 g6 4. O-O Bg7 5. Re1 e5 6. Bxc6 dxc6 7. d3 Qe7 8. a3 a5 9. Nbd2 Be6 10. Nc4 f6 11. Be3 b5 12. Ncd2 Nh6 13. h3 {[%emt 0:14:13] Prevents Ng4} Nf7 14. Nb3 c4 15. dxc4 Bxc4 16. Nfd2 Be6 17. a4 b4 18. Qe2 Nd6 $1 {[%emt 0:01:23] Inhibits Nc4.} 19. Bb6 O-O 20. Nxa5 Rfb8 $1 21. Nac4 ({Much worse is} 21. Nxc6 Qb7 22. Nxb8 Qxb6 $15) 21... Nxc4 22. Nxc4 Qf7 23. Nd6 Qd7 24. Nc4 (24. Bc5 $5 Ra5 25. Qe3 $14) 24... Qf7 25. Nd6 Qd7 26. Nc4 (26. Bc5 $5 Ra5 27. Qe3 $11) 26... Qf7 27. Nd6 Qd7 28. Nc4 {[%emt 0:00:03] Black must now prevent a5.} (28. Bc5 $5 Ra5 29. Qe3 $14) 28... Qf7 29. Nd6 Qd7 30. Nc4 (30. Bc5 $14 Ra5 31. Qe3) 30... Qf7 $11 31. Nd6 1/2-1/2

[Event "15th Chennai GM Open 2025"]
[Site "Chennai"]
[Date "2025.01.05"]
[Round "6.13"]
[White "Podolchenko, Evgeniy"]
[Black "Shreyash, Singh"]
[Result "1/2-1/2"]
[ECO "E41"]
[WhiteElo "2346"]
[BlackElo "2000"]
[Annotator "TA"]
[PlyCount "69"]
[EventDate "2025.01.02"]
[EventType "swiss"]
[EventCountry "IND"]
[SourceTitle "playchess.com"]
[Source "ChessBase"]
[SourceQuality "1"]
[TimeControl "5400+30"]

1. d4 Nf6 2. c4 e6 3. Nc3 Bb4 4. e3 O-O 5. Bd3 c5 6. Nf3 Nc6 7. O-O Bxc3 8. bxc3 d6 9. e4 e5 10. d5 Ne7 11. Nh4 h6 12. f4 Ng6 13. Nxg6 fxg6 14. fxe5 dxe5 15. Rb1 Qc7 16. Rb2 Bd7 17. Rbf2 Qd6 18. Qb3 b6 19. Qa3 (19. Qd1 {feels hotter.} Ng4 20. Rxf8+ Rxf8 21. h4) 19... g5 20. h3 (20. Qb2 $11 {remains equal.}) 20... g4 $17 21. hxg4 Nxg4 22. Rxf8+ (22. Rf3 $17 {was forced.}) 22... Rxf8 $19 23. Qxa7 $2 (23. Rxf8+ Qxf8 24. Qb2 Qf6 $19) (23. Rf3 {was the crucial defense.}) 23... Rxf1+ 24. Kxf1 (24. Bxf1 $2 {is the wrong capture.} Qf6) 24... Qf6+ 25. Ke2 Qf2+ 26. Kd1 Ne3+ 27. Bxe3 Bg4+ 28. Kc1 Qxe3+ {[%emt 0:00:22][%mdl 4096] Endgame KQB-KQB. White is a pawn up.} 29. Kc2 {[%emt 0:00:02] [#]} Bd1+ $1 30. Kxd1 $11 Qxd3+ 31. Kc1 Qxc3+ 32. Kb1 Qe1+ (32... Qxc4 $5 33. Qb8+ $8 Kh7 34. Qxe5 Qf1+ 35. Kb2 Qxg2+ 36. Ka3 Qf1 $11) 33. Kb2 Qd2+ 34. Kb1 Qd1+ ({Resist} 34... Qd3+ 35. Kb2 $17) 35. Kb2 1/2-1/2

[Event "15th Chennai GM Open 2025"]
[Site "Chennai"]
[Date "2025.01.05"]
[Round "6.14"]
[White "Shirliyev, Allayar"]
[Black "Slizhevsky, Alexander"]
[Result "1/2-1/2"]
[ECO "B53"]
[WhiteElo "2196"]
[BlackElo "2340"]
[Annotator "TA"]
[PlyCount "102"]
[EventDate "2025.01.02"]
[EventType "swiss"]
[EventCountry "IND"]
[SourceTitle "playchess.com"]
[Source "ChessBase"]
[SourceQuality "1"]
[TimeControl "5400+30"]

1. e4 c5 2. Nf3 d6 3. d4 cxd4 4. Qxd4 a6 5. c4 Nf6 6. Be2 Nc6 7. Qe3 Bg4 8. O-O e6 9. Rd1 Qc7 10. Nc3 Be7 11. b3 O-O 12. h3 Bxf3 13. Bxf3 Rad8 14. Bb2 Rfe8 15. Rd2 Qb8 16. Be2 d5 17. cxd5 $16 exd5 18. Nxd5 Nxd5 19. Rxd5 ({But not} 19. exd5 Bf6 20. Qb6 Bxb2 21. Rxb2 Qe5 $11) 19... Rxd5 20. exd5 Bf6 21. Qd2 $1 Bxb2 22. Qxb2 Ne7 23. Bf3 Nf5 24. Rd1 Qf4 25. Qc1 Qxc1 26. Rxc1 {[%emt 0:02:14][%mdl 4096] Endgame KRB-KRN. White is a pawn up.} Kf8 27. Kf1 Nd6 28. Rc7 Re7 {[%emt 0:00:26] Prevents Rd7} 29. Rxe7 Kxe7 $14 {[%emt 0:00:05] KB-KN. White is a pawn up.} 30. Ke2 Kf6 $1 31. g3 Ke5 32. Ke3 g5 33. Bg2 Nf5+ 34. Kd3 Nd6 {[%emt 0:00:38] Wards off Be4} 35. Kc3 a5 36. a4 b6 37. Bh1 h5 38. Bf3 h4 39. gxh4 gxh4 40. Bg2 f6 41. Bh1 f5 42. Bg2 f4 43. Bh1 Nf7 44. b4 axb4+ 45. Kxb4 Nd6 46. a5 ({Better is} 46. Kc3 $14) 46... bxa5+ $11 47. Kxa5 Nf7 48. Kb5 Kd6 $1 49. Bg2 $1 Ng5 {[%emt 0:01:49] aiming for ...f3.} 50. Kc4 f3 51. Bf1 {[%emt 0:00:33] and Kd4 would now be decisive} Ke5 $2 (51... Ne4 $11) 1/2-1/2

[Event "15th Chennai GM Open 2025"]
[Site "Chennai"]
[Date "2025.01.05"]
[Round "6.15"]
[White "Mohamed Anees M"]
[Black "Mohmad, Bashiq Imrose"]
[Result "1-0"]
[ECO "B12"]
[WhiteElo "2334"]
[BlackElo "1991"]
[Annotator "TA"]
[PlyCount "71"]
[EventDate "2025.01.02"]
[EventType "swiss"]
[EventCountry "IND"]
[SourceTitle "playchess.com"]
[Source "ChessBase"]
[SourceQuality "1"]
[TimeControl "5400+30"]

1. e4 c6 2. d4 d5 3. e5 c5 4. dxc5 e6 5. a3 Bxc5 6. b4 Be7 7. Nf3 f6 8. Bb2 {[%emt 0:00:55] White has an edge.} a5 9. b5 Nd7 10. exf6 Ngxf6 11. Nbd2 O-O 12. Be2 b6 13. O-O Bb7 14. c4 Nc5 15. cxd5 exd5 16. Nd4 Nfe4 (16... Qd7 $11) 17. a4 (17. Nxe4 {seems wilder.} dxe4 18. Nc6 Bxc6 19. bxc6 Nd3 20. Bxd3 exd3 21. Qb3+) 17... Bf6 18. Ra3 (18. Nxe4 $11 dxe4 19. Qc2) 18... Qe8 19. Ba1 Kh8 20. N2f3 Qg6 21. Ne1 Be5 (21... Qe8 {simplifies} 22. Nec2 Qe7 23. Nc6 Qd6) 22. Rh3 Ne6 23. Nxe6 (23. Bh5 {is interesting.} Qf6 24. Nxe6 Qxe6 25. Bg6) 23... Qxe6 24. Bxe5 Qxe5 25. Bd3 h6 26. Bc2 Rae8 27. Rf3 (27. Re3 {keeps more tension.} d4 28. Nf3 Rxf3 29. Rxf3 Nc3 30. Rf5) 27... Ng5 28. Rxf8+ Rxf8 29. Nd3 Qf6 30. Qe2 Ne6 31. Bb1 d4 32. f3 {[%emt 0:00:50] Threatens to win with Re1.} Rc8 33. Re1 Bd5 34. Ne5 Nf4 {[%emt 0:00:17] [#] Inhibits Qd3.} (34... Rc3 $16 35. Ng6+ Kg8) 35. Qd2 $1 $18 {[%emt 0:00:14][%cal Od2f4] Black must now prevent Qxf4!} Qg5 {[%emt 0:00:29] [#]} (35... d3) 36. Qxf4 $3 {[%emt 0:00:16][%mdl 512] Weighted Error Value: White=0.12 (very precise) /Black=0.31.  Mistake:       	White=1     	Black=3      Inaccurate:     	White=7     	Black=8      OK:         	White=11    	Black=8      Strong:       	White=1     	---        Brilliant:      	White=1     	---} 1-0

[Event "15th Chennai GM Open 2025"]
[Site "Chennai"]
[Date "2025.01.05"]
[Round "7"]
[White "Rios Gomez, Cristhian Camilo"]
[Black "Aditya Varun Gampa"]
[Result "1/2-1/2"]
[ECO "D02"]
[WhiteElo "2435"]
[BlackElo "2180"]
[Annotator "TA"]
[PlyCount "90"]
[EventDate "2025.01.02"]
[EventType "swiss"]
[EventCountry "IND"]
[SourceTitle "playchess.com"]
[Source "ChessBase"]
[SourceQuality "1"]
[TimeControl "5400+30"]

1. d4 Nf6 2. Nf3 d5 3. Bf4 e6 4. e3 c5 5. Nbd2 Nc6 6. c3 cxd4 7. exd4 Nh5 8. Bg3 g6 9. Bh4 Qc7 10. g4 Nf4 11. Bf6 Rg8 12. Qc2 (12. Ne5 $5) 12... Bd7 13. O-O-O Bd6 (13... Bg7 $11 14. Bxg7 Rxg7) 14. Kb1 h5 15. h3 Be7 16. Bxe7 Kxe7 17. g5 ({Better is} 17. Nb3 $14) 17... e5 $1 $15 18. Qb3 exd4 19. Nxd4 Kf8 20. Nxc6 (20. Qa4 $15) 20... bxc6 $17 21. c4 Kg7 22. Qc3+ Kh7 23. cxd5 (23. Ka1 $142) 23... Bf5+ 24. Ka1 Nxd5 25. Qc4 Rgd8 26. Bg2 Rab8 27. Bxd5 (27. Ne4 $17 Bxe4 28. Bxe4) 27... Rxd5 $19 28. Ne4 Bxe4 29. Qxe4 Rxg5 30. Rd3 Qe5 31. Qxe5 Rxe5 {[%emt 0:00:02][%mdl 4096] Endgame KRR-KRR. Black is a pawn up.} 32. Rd7 Kg7 33. f4 (33. Rxa7 {is a better defense.} Re2 34. b3) 33... Rf5 34. Rxa7 Rxf4 35. Rc7 Rf2 36. b3 Ra8 37. a4 Ra6 (37... Rf3 $19 38. Ka2 Rb8) 38. Rc1 (38. h4 $142) 38... Rf3 $17 39. Kb2 Rb6 (39... Rxh3 $17 {Strongly threatening ...Rb6.} 40. R7xc6 Rxc6 41. Rxc6 h4) 40. Rc3 $15 Rxc3 41. Kxc3 g5 ({Black should try} 41... Ra6 $15) 42. a5 $11 Ra6 43. b4 Kf6 44. Kd3 Ke6 45. Kd4 f6 1/2-1/2

[Event "15th Chennai GM Open 2025"]
[Site "Chennai"]
[Date "2025.01.06"]
[Round "7.2"]
[White "Siddharth, Jagadeesh"]
[Black "Kaustuv, Kundu"]
[Result "1/2-1/2"]
[ECO "C50"]
[WhiteElo "2515"]
[BlackElo "2409"]
[Annotator "TA"]
[PlyCount "60"]
[EventDate "2025.01.02"]
[EventType "swiss"]
[EventCountry "IND"]
[SourceTitle "playchess.com"]
[Source "ChessBase"]
[SourceQuality "1"]
[TimeControl "5400+30"]

1. e4 e5 2. Nf3 Nc6 3. Bc4 Nf6 4. d3 Bc5 5. a4 d6 6. a5 a6 7. c3 h6 8. O-O O-O 9. h3 Ba7 10. Be3 Be6 11. Nbd2 Bxc4 12. Nxc4 Re8 13. Bxa7 Rxa7 14. Re1 Ra8 15. Ne3 Rb8 16. b4 d5 17. Qc2 d4 18. Nc4 (18. cxd4 {is interesting.} exd4 19. Nf5 Nxb4 20. Qc4) 18... Qd7 19. Rab1 Rbd8 20. b5 axb5 21. Rxb5 dxc3 22. Qxc3 Qxd3 23. Qxd3 Rxd3 24. Ncxe5 ({White should try} 24. Rxb7 $14 Rc3 25. Nfd2) 24... Nxe5 25. Nxe5 Rd4 26. f3 c6 27. Rc5 Ra8 28. Rb1 Ra7 {[%emt 0:00:18] [#]} (28... Nd7 $11 29. Nxd7 Rxd7) 29. Rb2 {[%emt 0:00:49] White is more active.} (29. a6 $1 $16 bxa6 30. Nxc6 (30. Rxc6 Rd8 $14)) 29... Nd7 30. Nxd7 Rxd7 {[%emt 0:00:04] Weighted Error Value: White=0.12 (very precise) /Black=0.12 (very precise) .  Mistake:       	White=2     	Black=1      Inaccurate:     	White=2     	Black=2      OK:         	White=7     	Black=6      Best:        	White=1     	Black=1} 1/2-1/2

[Event "15th Chennai GM Open 2025"]
[Site "Chennai"]
[Date "2025.01.06"]
[Round "7.3"]
[White "Vijay, Shreeram P"]
[Black "Iniyan, Pa"]
[Result "0-1"]
[ECO "B23"]
[WhiteElo "2025"]
[BlackElo "2508"]
[Annotator "TA"]
[PlyCount "164"]
[EventDate "2025.01.02"]
[EventType "swiss"]
[EventCountry "IND"]
[SourceTitle "playchess.com"]
[Source "ChessBase"]
[SourceQuality "1"]
[TimeControl "5400+30"]

1. e4 c5 2. Nc3 Nc6 3. f4 g6 4. Nf3 Bg7 5. a4 e6 6. e5 d6 7. Bb5 Nge7 8. Ne4 dxe5 9. fxe5 O-O 10. Nf6+ Kh8 11. d4 Nd5 12. Bxc6 bxc6 13. dxc5 Qa5+ 14. Bd2 Qxc5 15. Ne4 Qc4 16. Nd6 Qc5 17. c4 Nb4 18. Qb3 Rb8 19. a5 Ba6 20. Ra4 Nd5 21. Ne4 Qe7 (21... Rxb3 $11 {is superior.} 22. Nxc5) 22. Qc2 $16 Nb4 23. Qc3 c5 24. Be3 $1 Rfc8 25. Nxc5 (25. O-O $14) 25... Rxc5 $11 26. Rxb4 Rbc8 $1 (26... Rxb4 27. Qxb4 Rc7 28. Qxe7 Rxe7 29. c5 $16) 27. Bxc5 Qxc5 28. Ra4 Bxc4 29. b3 Bxb3 $1 30. Qxb3 Qc1+ $1 31. Kf2 $1 (31. Qd1 $2 Qe3+ 32. Kf1 Rc1 $19 (32... Bxe5 33. Ne1 $16)) 31... Qxh1 32. Rc4 Rf8 33. Rc7 (33. Qb2 $11 Bh6 34. Rc7) 33... Qa1 $15 34. Qc3 Qa2+ 35. Kg3 a6 36. Qb4 (36. Rc5 $15) 36... Kg8 37. Ra7 ({White should play} 37. Rc5) 37... Qd5 38. Qd6 (38. Qc3 $17) 38... Qxa5 ({Better is} 38... Qe4 $19 {[%cal Og6g5] aiming for ...g5!.} 39. Rd7 h5) 39. Rxa6 $17 Qc3 40. Ra7 Qe3 41. Rd7 h6 42. h3 Kh7 43. Qd4 Qxd4 44. Rxd4 g5 45. h4 {[%emt 0:00:14] [#]} Kg6 (45... gxh4+ $1 $17 46. Rxh4 Rb8) 46. hxg5 (46. Rg4 $1 $15) 46... hxg5 $17 47. Kg4 Ra8 48. Re4 Ra5 49. g3 Rc5 50. Kh3 Kf5 51. Rg4 Bh6 52. Ra4 Rc3 53. g4+ Kg6 54. Kg3 Rc5 55. Re4 Bg7 56. Re3 Ra5 57. Re4 Bf8 58. Re2 Bb4 59. Re4 Ba3 60. Re1 Rc5 61. Re2 Bc1 62. Kg2 Bf4 63. Kf2 Kg7 64. Kg2 Ra5 65. Kf2 Kf8 66. Kg2 Ke7 67. Kf2 Kd7 68. Kg2 Kc6 69. Rc2+ Kd5 70. Rc7 $2 (70. Re2 {might work better.}) 70... Ra2+ $19 (70... Bxe5 71. Rxf7 Bf4 72. Rd7+ Ke4 73. Nd2+ Bxd2 74. Rxd2 $11) 71. Kf1 Ke4 (71... Bxe5 72. Rd7+ (72. Rxf7 Ra1+ 73. Ke2 Bf4 $11) 72... Ke4 73. Nxg5+ Kf4 74. Nxf7 $11) 72. Ne1 Bg3 (72... Kxe5 73. Rxf7 Be3 74. Nd3+ Ke4 75. Nb4 $17) 73. Ng2 (73. Rc4+ $142 Kd5 74. Rc1) 73... Rf2+ $19 74. Kg1 Rf3 ({Stronger than} 74... Kxe5 75. Rc3 $11) 75. Rc4+ Kd5 76. Rc2 Bxe5 77. Rd2+ (77. Ne1 $142 Rg3+ 78. Rg2) 77... Bd4+ $19 78. Kh2 Ke4 79. Re2+ Kd3 80. Ra2 Be5+ 81. Kg1 Rg3 82. Ra4 (82. Kf2 $142 Rxg4 83. Ne1+ Ke4 84. Nc2 Rf4+ 85. Kg2) 82... Bd4+ 0-1

[Event "15th Chennai GM Open 2025"]
[Site "Chennai"]
[Date "2025.01.06"]
[Round "7.4"]
[White "Vaz, Ethan"]
[Black "Deepan Chakkravarthy J."]
[Result "1/2-1/2"]
[ECO "B22"]
[WhiteElo "2412"]
[BlackElo "2413"]
[Annotator "TA"]
[PlyCount "74"]
[EventDate "2025.01.02"]
[EventType "swiss"]
[EventCountry "IND"]
[SourceTitle "playchess.com"]
[Source "ChessBase"]
[SourceQuality "1"]
[TimeControl "5400+30"]

1. e4 c5 2. Nf3 e6 3. c3 Nf6 4. e5 Nd5 5. d4 cxd4 6. cxd4 b6 7. Bd3 Ba6 8. Bxa6 Nxa6 9. O-O Be7 10. Nbd2 Nac7 11. Ne4 f5 12. Nd6+ Kf8 $1 13. Nd2 Bxd6 14. exd6 Ne8 15. Nc4 Kg8 16. a4 h6 17. b3 Kh7 18. Ba3 Qh4 19. Qd2 Nef6 20. f3 (20. Ne5 $11 {is more appropriate.}) 20... Rac8 (20... g5 $17) 21. Qf2 (21. Rac1 $11) 21... Qxf2+ $15 22. Kxf2 Rc6 23. Rfc1 Rhc8 24. Ke1 Nf4 $1 {[%emt 0:05:23] A dynamic duo of knights.} 25. Ne5 {[%emt 0:01:44] Prevents Nd3+} (25. Kf1 $142) 25... Nxg2+ $17 26. Kd2 Rxc1 27. Rxc1 Rxc1 28. Bxc1 {[%emt 0:00:28][%mdl 4096] Endgame KBN-KNN. Black is a pawn up.} Nf4 $1 29. b4 Kg8 30. b5 {[%emt 0:00:58][%cal Oe5c6] [#]} Kf8 $1 31. Ba3 Ke8 32. a5 {[%emt 0:00:34] [#]} Kd8 (32... bxa5 33. Bc5 $17) (32... N4d5 $1 $19 33. Bc5 g5 (33... bxc5 34. dxc5 Kd8 35. a6 $17)) 33. a6 (33. Nf7+ $17 Kc8 (33... Ke8 $2 34. Ne5 $19) 34. a6) 33... Kc8 (33... g5 $19 34. d5 (34. Nf7+ $2 Ke8 $19) 34... N4xd5 (34... N6xd5 35. Bb2 $11)) 34. Kc3 (34. Nf7 $17) 34... N4d5+ (34... g5 $19 35. Kc4 h5) 35. Kd3 (35. Kc4 $17 {was called for.}) 35... Nf4+ $2 ({Black should try} 35... g5 $19 {And now ...h5 would win.} 36. Nf7 g4 37. fxg4 Nxg4) 36. Kc4 $2 (36. Kc3 $1 $11 {and White has nothing to worry.}) 36... N4d5 37. Kd3 $1 Nf4+ $2 (37... g5 $17 38. Nf7 g4 39. fxg4 Nxg4) 1/2-1/2